 Dungeon Crawl Stone Soup version 0.26.1-11-gd32895ea62 (webtiles) character file.

Game seed: 12219782865249678249

259 Ijustatesigmund the Chopper (level 6, 0/42 (43) HPs)
             Began as an Octopode Fighter on July 1, 2021.
             Slain by an orc wizard
             ... wielding a +0 dagger of draining
              (1 damage)
             ... on level 3 of the Dungeon.
             The game lasted 00:04:06 (2465 turns).

Ijustatesigmund the Chopper (Octopode Fighter)      Turns: 2465, Time: 00:04:06

HP:   0/42 (43)     AC:  1    Str: 15    XL:     6   Next: 17%
MP:   6/6           EV: 12    Int: 17    God:
Gold: 116           SH: 10    Dex: 13    Spells: 5/5 levels left

rFire    . . .     SeeInvis .   a - +0 war axe
rCold    . . .     Faith    .   b - +1 kite shield
rNeg     . . .     Spirit   .   (helmet restricted)
rPois    .         Reflect  .   (no amulet)
rElec    .         Harm     .   g - ring of stealth
rCorr    .         Rampage  .   k - +6 ring of intelligence
Will     .....                  (no ring)
Stlth    ++++......             (no ring)
HPRegen  0.14/turn              (no ring)
MPRegen  0.10/turn              (no ring)
                                (no ring)
                                (no ring)

@: lethally poisoned (0 -> -13), lightly drained
A: almost no armour, stealthy swim, amphibious, 8 rings, constrict 8, camouflage
1, gelatinous body 1
a: no special abilities


You were on level 3 of the Dungeon.
You visited 1 branch of the dungeon, and saw 3 of its levels.

You collected 116 gold pieces.

Inventory:

Hand Weapons
 a - a +0 war axe (weapon)
 c - a +2 flail of draining
Armour
 b - a +1 kite shield (worn)
Jewellery
 g - a ring of stealth (left tentacle)
 k - a +6 ring of intelligence (right tentacle)
Wands
 d - a wand of acid (11)
Scrolls
 f - a scroll of teleportation
 i - 2 scrolls of identify
Potions
 h - a potion of brilliance


   Skills:
 + Level 4.0 Fighting
 + Level 4.1 Axes
 - Level 3.8 Dodging
 + Level 1.5 Stealth
 - Level 3.8 Shields
 + Level 1.1 Evocations


You had 5 spell levels left.
You didn't know any spells.
Your spell library was empty.

Dungeon Overview and Level Annotations

Branches:
Dungeon (3/15)

Altars:
Nemelex Xobeh
Uskayaw
Xom


Innate Abilities, Weirdness & Mutations

You cannot wear most types of armour.
You are very stealthy in the water. (Stealth+)
You are amphibious.
You can wear up to eight rings at the same time.
You can use your tentacles to constrict eight enemies at once.
Your skin changes colour to match your surroundings (Stealth+).
Your rubbery body absorbs attacks. (AC +1, EV +1)


Message History

You hit the adder but do no damage.
The adder is severely wounded.
You closely miss something. You constrict the adder.
You kill the adder!
* * * LOW HITPOINT WARNING * * *
You feel sick. Something barely misses you.
Okay, then.
* * * LOW HITPOINT WARNING * * *
You feel sick.
* * * LOW HITPOINT WARNING * * *
You feel sick.
The orc wizard gestures at you while chanting.
Something hits you.
* * * LOW HITPOINT WARNING * * *
You feel drained.
* * * LOW HITPOINT WARNING * * *
You hit something but do no damage.
* * * LOW HITPOINT WARNING * * *
You feel sick. Something hits you.
You die...

... #.... ....
#.... #.. #.... #
... #....
###.#####.##...
#....
#......).......
#.... #.†o# .#
#.... ###{# .#
##### #@# ##.# ##.#
...#
#.##..#######..#
#$.............#
####.##........#
#....).....########
####.#####.........
#.. #...###### ####
#...†..#


You could see an orc wizard.

Vanquished Creatures
  Sigmund (D:3)
  An orc priest (D:3)
  An adder (D:3)
  2 oozes (D:3)
  3 worms (D:2)
  3 dart slugs
  3 leopard geckos
  4 orcs (D:3)
  6 bats
  A giant cockroach (D:3)
  6 goblins
  5 hobgoblins
  2 quokkas
  A ball python (D:3)
  2 frilled lizards
  2 kobolds (D:1)
  3 rats (D:1)
46 creatures vanquished.

Notes
Turn   | Place    | Note
-------+----------+-------------------------------------------
     0 | D:1      | Ijustatesigmund the Octopode Fighter began the quest for
                  | the Orb.
     0 | D:1      | Reached XP level 1. HP: 16/16 MP: 1/1
   159 | D:1      | Reached XP level 2. HP: 10/21 MP: 2/2
   551 | D:1      | Found a sparkling altar of Nemelex Xobeh.
  1007 | D:2      | Reached XP level 3. HP: 23/26 MP: 3/3
  1089 | D:2      | Found a shimmering altar of Xom.
  1856 | D:3      | Noticed Sigmund
  1861 | D:3      | Killed Sigmund
  1862 | D:3      | Reached XP level 4. HP: 33/33 MP: 4/4
  1862 | D:3      | Reached XP level 5. HP: 37/37 MP: 5/5
  2210 | D:3      | Noticed a +0 hand axe
  2211 | D:3      | Noticed a +0 dagger
  2213 | D:3      | Found a hide-covered altar of Uskayaw.
  2456 | D:3      | Reached skill level 1 in Stealth
  2456 | D:3      | Reached skill level 1 in Evocations
  2456 | D:3      | Reached XP level 6. HP: 11/43 MP: 6/6
  2464 | D:3      | HP: 2/42 [something (1)]
  2465 | D:3      | Slain by an orc wizard

Illustrated notes

Levels and vault maps discovered:
D:1:      minmay_arrival_floating_metal, layout_loops_ring,
          nemelex_diamond_rough_becter
D:2:      layout_basic, xom_butterflies
D:3:      layout_basic, dancing_weapons_uskayaw, kennysheep_generic_room_11,
          uniq_sigmund, uniq_ijyb

Skill      XL: |  1  2  3  4  5 |
---------------+----------------+-----
Axes           | 3 4 |  4.1
Fighting       | 4 |  4.0
Stealth        | 1 |  1.5
Evocations     | 1 |  1.1
Dodging        | |  3.8
Shields        | |  3.8

Action                   |  1- 3 |  4- 6 || total
-------------------------+-------+-------++-------
Melee: War axe           |    49 |    38 ||    87
       Constrict         |    16 |     7 ||    23
       Tentacles         |    10 |     4 ||    14
  Use: Scroll            |     6 |     2 ||     8
       Potion            |     1 |     2 ||     3
 Stab: Sleeping          |     5 |     4 ||     9
Armor: Skin              |     4 |       ||     4
Dodge: Dodged            |    10 |    17 ||    27
Block: Kite shield       |    19 |    15 ||    34
